 Dungeon Crawl Stone Soup version 0.16-a0-3596-g438c78e (webtiles) character file.

92 Grim the Ruffian (level 4, -3/39 HPs)
             Began as a Ghoul Monk on Jan 12, 2015.
             Killed by divine providence
             ... invoked by an orc priest
              (9 damage)
             ... on level 3 of the Dungeon.
             The game lasted 00:09:00 (1677 turns).

Grim the Ruffian (Ghoul Monk)                       Turns: 1677, Time: 00:09:01

Health: -3/39      AC:  2    Str: 15    XL:     4   Next: 60%
Magic:  3/3        EV: 12    Int:  5    God:
Gold:   73         SH:  0    Dex: 11    Spells: 0 memorised, 3 levels left

rFire  . . .     SeeInvis .       - Unarmed
rCold  + + .     Clarity  .     i - +0 robe {rC+}
rNeg   + + +     SustAb   .     (no shield)
rPois  ∞         Gourm    .     (no helmet)
rElec  .         Spirit   .     (no cloak)
rCorr  .         Warding  .     (no gloves)
rMut   .         Stasis   .     (no boots)
MR     .....                    (no amulet)
Stlth  ++........               (no ring)
                                (no ring)

@: rotting, not resistant to hostile enchantments, unstealthy
A: rotting body, claws 1, carnivore 3, cold resistance 1, negative energy
resistance 3, poison resistance, slow healing 1, torment resistance, unbreathing
a: no special abilities


You were on level 3 of the Dungeon.
You were not hungry.

You visited 1 branch of the dungeon, and saw 3 of its levels.

You collected 73 gold pieces.

Inventory:

Armour
 i - a +0 robe of cold resistance (worn)
Scrolls
 j - a scroll of noise {unknown}
 l - a scroll of remove curse {unknown}
 m - a scroll of teleportation {unknown}
 o - a scroll of recharging {unknown}
Potions
 a - a potion of haste {unknown}
 b - a potion of invisibility
 c - 2 potions of agility
 e - a potion of cure mutation {unknown}
 f - 2 potions of lignification {unknown}
 g - a potion of curing {unknown}
 h - 2 potions of restore abilities
 n - a potion of brilliance {unknown}
Comestibles
 d - a slice of pizza
 k - 2 chunks of flesh


   Skills:
 * Level 3.6 Fighting
 - Level 2.6 Dodging
 - Level 2.1 Stealth
 + Level 6.2 Unarmed Combat


You had 3 spell levels left.
You didn't know any spells.

Dungeon Overview and Level Annotations

Branches:
Dungeon (3/15)

Altars:
Dithmenos
Elyvilon
Ru

Annotations:
D:2 Sigmund


Innate Abilities, Weirdness & Mutations

Your body is rotting away.
You thrive on raw meat.
You have sharp fingernails.
You are carnivorous and can eat meat at any time.
Your flesh is cold resistant.
You are immune to negative energy.
Your system is resistant to poisons.
You heal slowly when monsters are visible.
You are immune to unholy pain and torment.
You can survive without breathing.


Message History

The orc wizard casts a spell at you. The magic dart hits you!
The orc priest invokes the aid of Beogh against you.
Something smites you!
* * * LOW HITPOINT WARNING * * *
The orc wizard casts a spell at you. The puff of frost hits you! You resist.
* * * LOW HITPOINT WARNING * * *
Some of the chunks of flesh in your inventory have rotted away.
There is a stone staircase leading up here.
The orc priest invokes the aid of Beogh against you.
Something smites you!
* * * LOW HITPOINT WARNING * * *
The orc priest utters an invocation to Beogh.
You feel a wave of unholy energy pass over you.
There is a stone staircase leading down here.
The orc barely misses you.
The orc priest calls down the wrath of Beogh upon you.
Something smites you!
You die...

...#o#
#########.#.#.#.....######
.....# #.......##.### ..o..#
##.#.#.###.# ....##
#.......##.### ...########
##.#.#.#.....#
#.........#####.......##.#.#
######....ooo..#.#.#.###.#.#
#..o.####.o......##.#.#
####.#.# #.#@#.#.###.#.###
##.##.#.# #................
###...#o#.#
###.#.#.#...#.###
<.o.....#.# ##....#####.#
#.........# ##.### #.#
##.....#### #.# #.# ##...##
#.# #.# ##.## #.#
#####.###### #.##### #.#
#...........


You could see an orc priest and 2 orcs.

Vanquished Creatures
  Ijyb (D:1)
  3 adders (D:3)
  A giant gecko (D:1)
  6 bats
  6 giant cockroaches
  4 hobgoblins
  A jackal (D:1)
  A giant newt (D:1)
  6 goblins
  6 kobolds
  9 rats
  A fungus (D:2)
45 creatures vanquished.

Notes
Turn   | Place    | Note
--------------------------------------------------------------
     0 | D:1      | Grim, the Ghoul Monk, began the quest for the Orb.
     0 | D:1      | Reached XP level 1. HP: 19/19 MP: 1/1
   179 | D:1      | Reached XP level 2. HP: 20/26 MP: 2/2
   226 | D:1      | Reached skill level 5 in Unarmed Combat
   408 | D:1      | Reached XP level 3. HP: 27/30 MP: 3/3
   540 | D:2      | Noticed Sigmund
   555 | D:2      | Found a white marble altar of Elyvilon.
   737 | D:2      | Noticed Ijyb
   794 | D:1      | Killed Ijyb
  1016 | D:2      | Found a shadowy altar of Dithmenos.
  1110 | D:2      | Found a sacrificial altar of Ru.
  1378 | D:2      | Reached skill level 6 in Unarmed Combat
  1378 | D:2      | Reached XP level 4. HP: 38/38 MP: 3/3
  1677 | D:3      | Killed from afar by an orc priest

Action                   |  1- 3 |  4- 6 || total
-------------------------+-------+-------++-------
Melee: Unarmed           |   110 |    33 ||   143
  Use: Scroll            |     2 |       ||     2
 Stab: Sleeping          |       |     2 ||     2
  Eat: Chunk             |    14 |     2 ||    16
